 Dungeon Crawl Stone Soup version 0.22-a0-469-gf26638a (webtiles) character file.

1985 gmonis the Basher (level 9, -2/105 HPs)
             Began as a Minotaur Berserker on June 12, 2018.
             Was an Elder of Trog.
             Slain by a two-headed ogre
             ... wielding a +0 giant club
              (31 damage)
             ... on level 7 of the Dungeon.
             The game lasted 00:14:08 (8908 turns).

gmonis the Basher (Minotaur Berserker)              Turns: 8908, Time: 00:14:09

Health: -2/105     AC:  3    Str: 27    XL:     9   Next: 1%
Magic:  8/8        EV: 12    Int:  4    God:    Trog [****..]
Gold:   268        SH:  0    Dex: 13    Spells: 8/8 levels left

rFire    . . .     SeeInvis .   a - +0 mace
rCold    . . .     Gourm    .   (no shield)
rNeg     . . .     Faith    .   b - +0 animal skin
rPois    .         Spirit   .   (helmet restricted)
rElec    .         Reflect  .   (no cloak)
rCorr    .         Harm     .   (no gloves)
MR       .....                  w - +0 pair of boots
Stlth    ..........             (no amulet)
HPRegen  0.27/turn              (no ring)
MPRegen  0.11/turn              (no ring)

@: berserking, starving, very quick
A: retaliatory headbutt, horns 2
a: Berserk, Trog's Hand, Brothers in Arms, Renounce Religion


You were on level 7 of the Dungeon.
You worshipped Trog.
Trog was greatly pleased with you.
You were starving.

You visited 1 branch of the dungeon, and saw 7 of its levels.

You collected 268 gold pieces.

Inventory:

Hand Weapons
 a - a +0 mace (weapon)
Missiles
 f - 210 stones (quivered)
Armour
 b - a +0 animal skin (worn)
 n - a +0 large shield
 w - a +0 pair of boots (worn)
Jewellery
 m - an uncursed amulet of faith {unknown}
 p - a +4 ring of dexterity {unknown}
 t - an uncursed ring of positive energy {unknown}
 v - a +6 ring of dexterity {unknown}
 z - a cursed amulet of inaccuracy {unknown}
 B - a +4 amulet of reflection {unknown}
Wands
 y - a wand of flame (23)
Scrolls
 e - 3 scrolls of remove curse {unknown}
 g - 6 scrolls of identify {unknown}
 i - 2 scrolls of fear {unknown}
 j - 9 scrolls of teleportation {unknown}
 q - 2 scrolls of fog {unknown}
 s - 2 scrolls of enchant armour {unknown}
 A - a scroll of enchant weapon {unknown}
 C - a scroll of immolation {unknown}
Potions
 d - a potion of invisibility {unknown}
 h - 8 potions of curing
 k - a potion of haste {unknown}
 l - a potion of resistance {unknown}
 o - a potion of heal wounds {unknown}
 r - 4 potions of lignification {unknown}
 u - 2 potions of cancellation {unknown}
 x - 2 potions of flight {unknown}
 D - a potion of berserk rage {unknown}
Comestibles
 c - 21 rations


   Skills:
 - Level 3.6 Fighting
 * Level 13.8 Maces & Flails
 + Level 2.6 Armour
 + Level 2.3 Dodging


You had 8 spell levels left.
You didn't know any spells.
Your spell library was empty.

Dungeon Overview and Level Annotations

Branches:
Dungeon (7/15)
 Temple: D:4-7

Altars:
Makhleb
Xom

Shops:
D:4 (


Innate Abilities, Weirdness & Mutations

You reflexively headbutt those who attack you in melee.
You have a pair of horns on your head.


Message History

The two-headed ogre is lightly wounded.
The two-headed ogre hits you with a giant club!
The two-headed ogre hits you with a giant club.
You hit the two-headed ogre. You headbutt the two-headed ogre.
The two-headed ogre is moderately wounded.
You barely miss the two-headed ogre.
The two-headed ogre is moderately wounded.
You sock the two-headed ogre!
The two-headed ogre is moderately wounded.
The two-headed ogre hits you with a giant club!
* * * LOW HITPOINT WARNING * * *
The two-headed ogre barely misses you.
You thump the two-headed ogre!
You headbutt the two-headed ogre, but do no damage.
The two-headed ogre is heavily wounded.
You hit the two-headed ogre but do no damage.
The two-headed ogre is heavily wounded.
A crimson imp comes into view.
The two-headed ogre hits you with a giant club!!
You die...

#?# #.# #.#
.# #.# ...
#.# .... #.#
..... #.#
###..(####.#
......O@...#
###...######
..... ###5 #


You could see a two-headed ogre and a crimson imp.

Vanquished Creatures
  Sigmund (D:3)
  A water moccasin (D:6)
  2 ogres
  2 phantoms
  2 sky beasts (D:5)
  2 centaurs
  A big kobold (D:6)
  A gnoll sergeant (D:6)
  2 scorpions
  3 howler monkeys
  A bullfrog zombie (D:5)
  A jelly (D:5)
  A centaur zombie (D:6)
  2 hounds
  A bullfrog skeleton (D:4)
  A gnoll shaman (D:5)
  3 orc priests
  An orc wizard (D:3)
  4 worker ants
  Robin (D:3)
  6 gnolls
  9 adders
  A shadow imp (D:6)
  An ooze (D:4)
  An adder skeleton (D:6)
  2 dart slugs (D:3)
  6 leopard geckos
  18 orcs
  3 ball pythons
  7 bats
  4 giant cockroaches
  16 goblins
  14 hobgoblins
  3 jackals (D:4)
  3 quokkas
  3 frilled lizards
  6 kobolds
  A quokka zombie (D:6)
  5 rats
142 creatures vanquished.

Vanquished Creatures (others)
  A leopard gecko (D:6)
  4 jackals (D:6)
5 creatures vanquished.

Grand Total: 147 creatures vanquished

Notes
Turn   | Place    | Note
-------+----------+-------------------------------------------
     0 | D:1      | gmonis the Minotaur Berserker began the quest for the Orb.
     0 | D:1      | Reached XP level 1. HP: 19/19 MP: 0/0
   218 | D:1      | Reached skill level 4 in Maces & Flails
   406 | D:1      | Reached XP level 2. HP: 26/26 MP: 1/1
   818 | D:1      | Reached skill level 5 in Maces & Flails
  1215 | D:2      | Reached XP level 3. HP: 30/31 MP: 2/2
  1893 | D:2      | Reached skill level 6 in Maces & Flails
  1893 | D:2      | Reached XP level 4. HP: 33/39 MP: 3/3
  2372 | D:3      | Reached ** piety under Trog
  2495 | D:3      | Noticed Sigmund
  2800 | D:3      | Reached skill level 7 in Maces & Flails
  2800 | D:3      | Reached XP level 5. HP: 25/45 MP: 4/4
  3004 | D:3      | Killed Sigmund
  3004 | D:3      | Reached skill level 8 in Maces & Flails
  3004 | D:3      | Reached XP level 6. HP: 51/51 MP: 5/5
  3233 | D:3      | Noticed Robin
  3253 | D:3      | Killed Robin
  3420 | D:3      | Found a shimmering altar of Xom.
  3442 | D:3      | Found a shimmering altar of Xom.
  3545 | D:3      | Found a shimmering altar of Xom.
  3546 | D:3      | Found a shimmering altar of Xom.
  3546 | D:3      | Found a shimmering altar of Xom.
  3546 | D:3      | Found a shimmering altar of Xom.
  3548 | D:3      | Found a shimmering altar of Xom.
  3548 | D:3      | Found a shimmering altar of Xom.
  3680 | D:3      | Reached skill level 9 in Maces & Flails
  4136 | D:4      | Reached *** piety under Trog
  4385 | D:4      | Reached XP level 7. HP: 55/57 MP: 6/6
  5403 | D:4      | Found Awurus's Antique Weapon Shoppe.
  5440 | D:5      | Entered Level 5 of the Dungeon
  5445 | D:5      | Reached skill level 10 in Maces & Flails
  5902 | D:5      | Reached skill level 11 in Maces & Flails
  6015 | D:5      | Reached XP level 8. HP: 56/64 MP: 7/7
  6219 | D:6      | Reached skill level 12 in Maces & Flails
  7086 | D:6      | Reached skill level 13 in Maces & Flails
  8086 | D:5      | Found a burning altar of Makhleb.
  8626 | D:7      | Reached **** piety under Trog
  8626 | D:7      | Reached XP level 9. HP: 32/70 MP: 8/8
  8899 | D:7      | Noticed a two-headed ogre
  8908 | D:7      | Slain by a two-headed ogre

Vault maps used:
D:1:      lightli_arrival_chessboard, minmay_tree_intersection
D:2:      first_ration
D:3:      xom_redecorated, uniq_sigmund, uniq_robin
D:4:      serial_shops, kennysheep_mini, minmay_joined_circles
D:5:      bloody_makhleb
D:6:      eino_curves_01, lemuel_flamethrower_2
D:7:      temple_pool_b, uniq_menkaure

Skill      XL: |  1  2  3  4  5  6  7  8 |
---------------+-------------------------+-----
Maces & Flails | 4 5 6 7 8 9 11 13 | 13.8
Fighting       | |  3.6
Armour         | |  2.6
Dodging        | |  2.3

Action                   |  1- 3 |  4- 6 |  7- 9 || total
-------------------------+-------+-------+-------++-------
Melee: Mace              |    56 |   124 |   192 ||   372
       Headbutt          |    10 |    17 |    43 ||    70
Invok: Berserk           |       |     2 |     2 ||     4
 Stab: Sleeping          |       |       |     2 ||     2
  Eat: Chunk             |     2 |    10 |    14 ||    26
Armor: Animal skin       |    18 |    14 |    19 ||    51
Dodge: Dodged            |    39 |    76 |    98 ||   213

Table legend:
 A = Spawn XP
 B = Non-spawn XP
 C = Spawn XP percentage of total XP
 D = Spawn monster count
 E = Non-spawn monster count
 F = Spawn count percentage of total count
 G = Total turns spent on level
                    A         B        C        D         E        F      G
               +---------+---------+-------+---------+---------+-------+---------
         Total |       0 |    2837 |   0.0 |       0 |     142 |   0.0 |  8908
               +---------+---------+-------+---------+---------+-------+---------
           D:1 |       0 |      37 |   0.0 |       0 |      22 |   0.0 |  1196
           D:2 |       0 |      92 |   0.0 |       0 |      13 |   0.0 |  1456
           D:3 |       0 |     449 |   0.0 |       0 |      38 |   0.0 |  1472
           D:4 |       0 |     254 |   0.0 |       0 |      22 |   0.0 |  1316
           D:5 |       0 |     922 |   0.0 |       0 |      23 |   0.0 |  1373
           D:6 |       0 |     975 |   0.0 |       0 |      23 |   0.0 |  2010
           D:7 |       0 |     108 |   0.0 |       0 |       1 |   0.0 |    85
               +---------+---------+-------+---------+---------+-------+---------
